 Dungeon Crawl Stone Soup version 0.30.0-10-gfe55d96785 (webtiles) character file.

Game seed: 4217040631750952496

1906 xSliceyx the Protected (level 8, -3/63 (67) HPs)
             Began as a Demonspawn Fighter on May 14, 2023.
             Slain by a wight
             ... wielding a +5 scimitar of freezing
              (4 damage)
             ... on level 7 of the Dungeon on May 15, 2023.
             The game lasted 00:36:53 (8667 turns).

xSliceyx the Protected (Demonspawn Fighter)         Turns: 8667, Time: 00:36:54

HP:   -3/63 (67)    AC: 14    Str: 19    XL:     8   Next: 94%
MP:   8/8           EV:  8    Int: 15    God:
Gold: 338           SH:  6    Dex: 19    Spells: 4/7 levels left

rFire   . . .        v - +1 flail (pain)
rCold   . . .        c - +0 buckler
rNeg    . . .        w - +0 chain mail
rPois   .            (helmet restricted)
rElec   +            (no cloak)
rCorr   .            h - +0 pair of gloves
SInv    .            (no boots)
Will    .....        (no amulet) Stlth
                     j - +6 ring of dexterity
HPRegen 0.30/turn    C - ring of Mis Higa {Wiz rElec Int+6 Stlth-}
MPRegen 0.11/turn

%: wizardry (x1)
@: drained
A: antennae 1, icy blue scales 1, powered by death 2, powered by pain 1
a: no special abilities


You were on level 7 of the Dungeon.
You visited 2 branches of the dungeon, and saw 9 of its levels.

You collected 338 gold pieces.

Inventory:

Hand Weapons
 a - a +0 trident
 v - a +1 flail of pain (weapon)
 B - a +2 mace of freezing
Missiles
 d - 3 poisoned darts (quivered)
Armour
 b - a +0 scale mail
 c - a +0 buckler (worn)
 h - a +0 pair of gloves (worn)
 w - a +0 chain mail (worn)
Jewellery
 j - a +6 ring of dexterity (left hand)
 n - a ring of fire
 C - the ring of Mis Higa (right hand) {Wiz rElec Int+6 Stlth-}
   (You found it on level 5 of the Dungeon)

   [ring of wizardry]

   It improves your spell success rate.
   Int:       It affects your intelligence (+6).
   rElec:     It insulates you from electricity.
   Stlth:     It makes you less stealthy.
Wands
 k - a wand of flame (20)
 m - a wand of digging (6)
Scrolls
 g - 2 scrolls of blinking {unknown}
 l - a scroll of enchant weapon {unknown}
 o - a scroll of amnesia
 q - 2 scrolls of acquirement {unknown}
 s - 2 scrolls of summoning {unknown}
 t - a scroll of poison {unknown}
 u - a scroll of fog
 y - 2 scrolls of noise {unknown}
 F - a scroll of enchant armour {unknown}
Potions
 e - a potion of brilliance {unknown}
 i - a potion of mutation {unknown}
 p - a potion of heal wounds {unknown}
 r - 2 potions of resistance {unknown}
 z - a potion of lignification {unknown}
 A - 2 potions of degeneration {unknown}
 D - 2 potions of ambrosia {unknown}
 E - 2 potions of attraction {unknown}


   Skills:
 + Level 7.5 Fighting
 - Level 1.7 Polearms
 - Level 8.0 Armour
 - Level 5.0 Shields


You had 4 spell levels left.
You knew the following spells:

 Your Spells              Type           Power      Damage    Failure   Level
a - Beastly Appendage     Tmut           0%         N/A       61%         1
b - Wereblood             Tmut           0%         N/A       75%         2

Your spell library contained the following spells:

 Spells                   Type           Power      Damage    Failure   Level
 Summon Small Mammal      Summ           0%         N/A       61%         1
 Lesser Beckoning         Tloc           0%         N/A       75%         2
 Gell's Gravitas          Tloc           0%         N/A       92%         3
 Spider Form              Tmut/Pois      0%         N/A       92%         3
 Teleport Other           Tloc           0%         N/A       92%         3
 Animate Armour           Summ/Erth      0%         N/A       100%        4
 Blade Hands              Tmut           0%         N/A       100%        5
 Iron Shot                Conj/Erth      0%         9d1       100%        6


Dungeon Overview and Level Annotations

Branches:
Dungeon (8/15)             Temple (1/1) D:4
   Lair: D:8-11

Altars:
Cheibriados
Dithmenos
Fedhas
Gozag
Kikubaaqudgha
Makhleb
Nemelex Xobeh
Ru
Sif Muna
Trog
Vehumet
Xom
Yredelemnul

Shops:
D:6 =   D:7 *

Annotations:
D:2 1 runed translucent door, Crazy Yiuf


Innate Abilities, Weirdness & Mutations

You have a pair of small antennae on your head.
You are partially covered in icy blue scales. (AC +2)
You regenerate health from kills.
You sometimes gain a little power by taking damage.


Message History

There is a stone staircase leading down, spattered with blood here.
You climb downwards.
There is a stone staircase leading up here.
You barely miss the wight. The wight barely misses you.
The wight hits you with a +5 scimitar of freezing!
The wight freezes you.
You sock the wight!
The wight is heavily damaged.
You block the wight's attack.
You barely miss the wight.
The wight is heavily damaged.
You block the wight's attack. The wight closely misses you.
You closely miss the wight.
The wight is heavily damaged.
The wight hits you with a +5 scimitar of freezing.
The wight freezes you.
You closely miss the wight.
The wight is heavily damaged.
The wight barely misses you.
The wight hits you with a +5 scimitar of freezing.
You feel drained. The wight freezes you.
You closely miss the wight.
The wight is heavily damaged.
The wight barely misses you.
You sock the wight!
The wight is almost destroyed.
The wight hits you with a +5 scimitar of freezing.
You feel drained. The wight freezes you.
You hit the wight but do no damage.
The wight is almost destroyed.
The wight hits you with a +5 scimitar of freezing!
The wight freezes you.
* * * LOW HITPOINT WARNING * * *
You block the wight's attack.
You closely miss the wight.
The wight is almost destroyed.
The wight hits you with a +5 scimitar of freezing!
* * * LOW HITPOINT WARNING * * *
The wight freezes you.
You die...

##z# #.####....... ~~ #)#
#..##........ ~ #.# #............
♣ #.## ####...#........ P ♣♣
#.##z.###....#............~ ♣♣~
.......##z#####..........~~~♣♣♣~~
...?...z..#####).#####.....P~P~P~
.......#####....## ##.....~..PP.
######## ####z@####.......~P...
#...÷.##.............
#..................#.
#.......#.#..###.. #.
#............# ## #..
#.........#.## #.# #.......<...#
#.# ............#######.>#
.....[...............#


You could see a wight.

Vanquished Creatures
  Edmund (D:5)
  An orc warrior (D:6)
  3 black bears (D:5)
  A phantom (D:6)
  A bullfrog (D:7)
  A scorpion (D:5)
  6 wights
  6 killer bees (D:6)
  A howler monkey (D:5)
  A bullfrog zombie (D:5)
  A centaur zombie (D:5)
  A hound (D:5)
  3 jellies
  Jessica (D:2)
  An iguana (D:7)
  6 orc wizards
  Robin (D:3)
  3 gnolls (D:5)
  5 adders
  A white imp (D:5)
  2 ufetubi (D:5)
  2 worms (D:2)
  A dart slug (D:1)
  23 orcs
  4 ball pythons
  4 bats
  6 endoplasms
  4 giant cockroaches
  13 goblins
  7 hobgoblins
  3 jackals (D:4)
  8 kobolds
  2 quokkas
  6 frilled lizards
  5 rats
135 creatures vanquished.

Notes
Turn   | Place    | Note
-------+----------+-------------------------------------------
     0 | D:1      | xSliceyx the Demonspawn Fighter began the quest for the
                  | Orb.
     0 | D:1      | Reached XP level 1. HP: 18/18 MP: 1/1
   113 | D:1      | Reached skill level 3 in Armour
   113 | D:1      | Gained mutation: You regenerate a little health from kills.
                  | [demonic ancestry]
   113 | D:1      | Reached XP level 2. HP: 10/24 MP: 2/2
   783 | D:1      | Found a faded altar of an unknown god.
  1203 | D:2      | Noticed Jessica
  1206 | D:2      | Killed Jessica
  1207 | D:2      | Reached XP level 3. HP: 24/29 MP: 3/3
  1510 | D:2      | Gained mutation: You are partially covered in icy blue
                  | scales. (AC +2) [demonic ancestry]
  1510 | D:2      | Reached XP level 4. HP: 24/35 MP: 4/4
  1980 | D:2      | Found a runed translucent door.
  1981 | D:2      | Noticed Crazy Yiuf
  2024 | D:3      | Reached skill level 4 in Armour
  2532 | D:3      | Gained mutation: You have a pair of small antennae on your
                  | head. [demonic ancestry]
  2532 | D:3      | Reached XP level 5. HP: 41/41 MP: 5/5
  2788 | D:3      | Noticed Robin
  2887 | D:3      | Killed Robin
  2965 | D:3      | Found an ancient bone altar of Kikubaaqudgha.
  3013 | D:3      | Found a shimmering blue altar of Sif Muna.
  3142 | D:3      | Got Sif Muna's Parchment of Adjuration
  3152 | D:3      | Found a radiant altar of Vehumet.
  3164 | D:3      | Gained mutation: You sometimes gain a little power by
                  | taking damage. [demonic ancestry]
  3164 | D:3      | Reached XP level 6. HP: 47/47 MP: 6/6
  3489 | D:4      | Found a staircase to the Ecumenical Temple.
  3495 | Temple   | Entered the Ecumenical Temple
  3792 | D:4      | Found a shadowy altar of Dithmenos.
  4211 | D:5      | Entered Level 5 of the Dungeon
  4220 | D:4      | Reached skill level 5 in Armour
  4220 | D:4      | Reached skill level 5 in Shields
  4296 | D:5      | Identified the ring of Mis Higa {Wiz rElec Int+6 Stlth-}
  4691 | D:5      | Reached skill level 6 in Armour
  4691 | D:5      | Reached XP level 7. HP: 36/52 MP: 7/7
  5037 | D:5      | Noticed Edmund
  5054 | D:5      | Killed Edmund
  5059 | D:5      | Reached skill level 7 in Armour
  5350 | D:5      | Found a basalt altar of Yredelemnul.
  5446 | D:6      | Found Qaonomu's Jewellery Boutique.
  5736 | D:6      | Gained mutation: You regenerate health from kills. [demonic
                  | ancestry]
  5736 | D:6      | Reached XP level 8. HP: 57/58 MP: 8/8
  5828 | D:6      | Learned a level 1 spell: Beastly Appendage
  5831 | D:6      | Learned a level 2 spell: Wereblood
  5840 | D:6      | You fall into a shaft and drop 2 floors!
  5863 | D:8      | Found a burning altar of Makhleb.
  5870 | D:8      | Reached skill level 8 in Armour
  5895 | D:7      | Found Tour's Lightly-Used Armoury.
  6294 | D:6      | Reached skill level 5 in Fighting
  6593 | D:6      | HP: 3/62 [orc warrior/bolt (6)]
  6596 | D:6      | HP: 1/62 [poisoned by a killer bee]
  8285 | D:7      | Noticed a boulder beetle
  8667 | D:7      | HP: 1/63 [wight/+5 scimitar of freezing (13)]
  8667 | D:7      | Slain by a wight

Illustrated notes

Levels and vault maps discovered:
D:1:      spicycebolla_arrival_transporter_tutorial, layout_basic,
          dilly_ecumenical_altar_fadedgnrine, amcnicky_mini_rare_corridor_liquid
D:2:      layout_loops_ring, chequers_serial_rivers_micro_a, minivault_25,
          uniq_jessica, uniq_crazy_yiuf_cottage
D:3:      layout_basic, palyth_temple_overflow_mages, uniq_robin
D:4:      layout_gridville, mainiacjoe_overflow_alcove_2,
          minmay_temple_entry_waves, minmay_misc_feat_doors
D:5:      layout_basic, lemuel_zombie_altar_yredelemnul, uniq_edmund
D:6:      layout_basic, serial_shops, nicolae_shop_tiny_waterfront
D:7:      layout_rooms, chequers_temple_overflow_statue_of_worship,
          lemuel_coloured_pillars_altar, minmay_shop_damaged,
          serial_bayou_pond_c, minmay_misc_feat_x, glass_columns_b,
          grunt_decor_arrowhead
D:8:      layout_loops_cross, kennysheep_small_circle
Temple:   hellmonk_temple_forest_ring

Skill      XL: |  1  2  3  4  5  6  7  8 |
---------------+-------------------------+-----
Armour         | 3 4 6 7 8 |  8.0
Shields        | 3 4 5 |  5.0
Fighting       | 7 |  7.5
Polearms       | |  1.7

Action                     |  1- 3 |  4- 6 |  7- 9 || total
---------------------------+-------+-------+-------++-------
  Melee: Trident           |    78 |       |       ||    78
         Dagger            |    30 |   211 |       ||   241
         Short sword       |       |    36 |    53 ||    89
         Flail             |       |       |   275 ||   275
  Throw: Dart              |       |       |     9 ||     9
  Evoke: Wand              |       |    10 |    12 ||    22
    Use: Potion            |       |     2 |     9 ||    11
         Scroll            |       |       |    12 ||    12
 Armour: Scale mail        |    32 |   118 |    51 ||   201
         Chain mail        |       |       |   155 ||   155
  Dodge: Dodged            |    29 |   101 |   159 ||   289
  Block: Buckler           |    13 |    64 |   122 ||   199
